 Dungeon Crawl Stone Soup version 0.28.0-53-g5a82cb258f (webtiles) character file.

Game seed: 10795459900582944632

37 MiltankisOP the Sneak (level 3, -2/19 HPs)
             Began as a Vine Stalker Fighter on July 8, 2022.
             Slain by Natasha (6 damage)
             ... on level 2 of the Dungeon.
             The game lasted 00:02:07 (1320 turns).

MiltankisOP the Sneak (Vine Stalker Fighter)        Turns: 1320, Time: 00:02:10

Health: -2/19      AC:  6    Str: 18    XL:     3   Next: 41%
Magic:  0/4        EV:  9    Int:  8    God:
Gold:   57         SH:  5    Dex: 15    Spells: 2/2 levels left

rFire   . . .      SeeInvis .   a - +0 rapier
rCold   . . .      Faith    .   c - +0 buckler
rNeg    . . .      Spirit   +   b - +0 scale mail
rPois   .          Reflect  .   (no helmet)
rElec   .          Harm     .   (no cloak)
rCorr   .          Rampage  .   (no gloves)
Will    .....                   (no boots)
Stlth   +.........              (no amulet)
HPRegen 0.06/turn               (no ring)
MPRegen 0.09/turn               (no ring)

@: slowed, very slow
A: fangs 2, magic shield, antimagic bite, no potion heal 2
a: no special abilities


You were on level 2 of the Dungeon.
You visited 1 branch of the dungeon, and saw 2 of its levels.

You collected 57 gold pieces.

Inventory:

Hand Weapons
 a - a +0 rapier (weapon)
 f - a +0 dagger
Armour
 b - a +0 scale mail (worn)
 c - a +0 buckler (worn)
Jewellery
 g - a ring of protection from fire
Scrolls
 e - a scroll of identify {unknown}
 h - a scroll of torment {unknown}
 i - a scroll of enchant armour {unknown}
 j - a scroll of enchant weapon {unknown}
Potions
 d - a potion of might


   Skills:
 - Level 2.6 Fighting
 + Level 2.6 Short Blades
 - Level 2.4 Armour
 + Level 2.7 Stealth
 - Level 2.6 Shields


You had 2 spell levels left.
You didn't know any spells.
Your spell library was empty.

Dungeon Overview and Level Annotations

Branches:
Dungeon (2/15)

Altars:

Annotations:
D:2 Natasha


Innate Abilities, Weirdness & Mutations

You have extremely sharp teeth.
When hurt, damage is shared between your health and your magic reserves.
Your bite disrupts and absorbs the magic of your enemies.
Potions cannot restore your health.


Message History

You kill the rat!
No target in view!
No target in view!
No target in view!
No target in view!
No target in view!
Found a stone staircase leading down.
No target in view!
Found a chain mail.
No target in view!
Found a leather armour.
Natasha, Servant of Life and Death comes into view.
Natasha casts a spell.
The shadow imp shouts, "Turn tail, thou bumbling sheep-biting pignut!"
Natasha mumbles some strange words.
Natasha's front paws start to glow.
Natasha stares at you and mumbles some strange words.
You feel yourself slow down.
The shadow imp disappears in a puff of smoke!
Natasha casts a spell.
Natasha stares at you and mumbles some strange words.
The magic dart hits you. Natasha casts a spell at you. The magic dart hits you.
Natasha closely misses you.
You hit Natasha.
Natasha is heavily wounded.
Natasha claws you.
Natasha mumbles some strange words.
You closely miss Natasha. Your bite misses Natasha.
Natasha is heavily wounded.
The white imp summons a swarm of flies.
Natasha claws you.
You hit Natasha. You bite Natasha.
Natasha's magic leaks into the air.
You drain her magic.
You feel invigorated.
Natasha is severely wounded.
Natasha claws you.
* * * LOW HITPOINT WARNING * * *
Natasha claws you!
You die...

#...########.####.#.##)#.....
#...# ####.####.#.#........
##### #.........#.#....†...
#.........#.#.#.##...
#.............#.##...
#...5.........#.##...
####5##.......#.##...
#h##.......#..####
#@##..h....##. #.####.#.#.# .
###.####.#.#.#
########........#...#
#...............#
#...............#
#...............#
#...............#
#...............#########.


You could see Natasha (magic disrupted), a crimson imp (summoned) and a white
imp (summoned).

Vanquished Creatures
  5 endoplasms
  A giant cockroach (D:1)
  6 goblins
  5 hobgoblins
  3 jackals (D:1)
  4 ball pythons (D:1)
  A bat (D:1)
  A frilled lizard (D:1)
  3 kobolds (D:1)
  3 rats
32 creatures vanquished.

Notes
Turn   | Place    | Note
-------+----------+-------------------------------------------
     0 | D:1      | MiltankisOP the Vine Stalker Fighter began the quest for
                  | the Orb.
     0 | D:1      | Reached XP level 1. HP: 11/11 MP: 2/2
    69 | D:1      | Reached skill level 1 in Stealth
   393 | D:1      | Reached XP level 2. HP: 16/16 MP: 3/3
   636 | D:1      | Found a faded altar of an unknown god.
   689 | D:1      | Reached XP level 3. HP: 19/19 MP: 4/4
  1294 | D:2      | Noticed Natasha
  1320 | D:2      | Slain by Natasha

Illustrated notes

Levels and vault maps discovered:
D:1:      scummos_arrival_forest, layout_loops_ring,
          hellmonk_ecumenical_altar_prayer_group
D:2:      layout_basic, serial_glass, glass_columns_b, glass_columns_a,
          uniq_natasha

Skill      XL: |  1  2 |
---------------+-------+-----
Short Blades   | 2 |  2.6
Stealth        | 1 2 |  2.7
Fighting       | |  2.6
Armour         | |  2.4
Shields        | |  2.6

Action                   || total
-------------------------++-------
Melee: Rapier            ||    80
       Bite              ||    14
Armor: Scale mail        ||    24
Dodge: Dodged            ||    31
Block: Buckler           ||    12
